 Dungeon Crawl Stone Soup version 0.21.1-1-g345015f (webtiles) character file.

112 Dharzhak the Digger (level 4, -3/24 HPs)
             Began as a Gargoyle Earth Elementalist on May 6, 2018.
             Killed from afar by antares's ghost (12 damage)
             ... with a stone arrow
             ... on level 3 of the Dungeon.
             The game lasted 00:08:13 (2320 turns).

Dharzhak the Digger (Gargoyle Earth Elementalist)   Turns: 2320, Time: 00:08:14

Health: -3/24      AC:  7    Str: 12    XL:     4   Next: 93%
Magic:  4/8        EV: 12    Int: 16    God:
Gold:   113        SH:  0    Dex: 10    Spells: 2/8 levels left

rFire    . . .     SeeInvis .   o - +0 mace
rCold    . . .     Gourm    .   (no shield)
rNeg     + . .     Faith    .   j - +0 leather armour
rPois    ∞         Spirit   .   (no helmet)
rElec    +         Reflect  .   (no cloak)
rCorr    .         Harm     .   (no gloves)
MR       .....                  l - +0 pair of boots
Stlth    ++........             (no amulet)
HPRegen  0.08/turn              (no ring)
MPRegen  0.11/turn              (no ring)

@: very slightly contaminated
A: negative energy resistance 1, electricity resistance, unbreathing,
petrification resistance, rot immunity, AC +3
a: no special abilities


You were on level 3 of the Dungeon.
You were not hungry.

You visited 1 branch of the dungeon, and saw 3 of its levels.

You collected 113 gold pieces.

Inventory:

Hand Weapons
 h - a +3 dagger
 o - a +0 mace (weapon)
 r - a +0 spear
Missiles
 b - 41 stones (quivered)
Armour
 j - a +0 leather armour (worn)
 l - a +0 pair of boots (worn)
Scrolls
 a - 2 scrolls of teleportation {unknown}
 c - a scroll of blinking {unknown}
 g - 2 scrolls of remove curse {unknown}
 k - 2 scrolls of identify {unknown}
 m - 2 scrolls of enchant weapon {unknown}
 n - 2 scrolls of enchant armour {unknown}
 q - a scroll of random uselessness {unknown}
 t - a scroll of fear {unknown}
Potions
 i - a potion of flight {unknown}
 p - a potion of agility {unknown}
 s - 3 potions of curing {unknown}
Books
 e - a book of Geomancy

   Spells                             Type                      Level
   a - Sandblast                      Earth                        1
   b - Passwall                       Transmutation/Earth          2
   c - Stone Arrow                    Conjuration/Earth            3
   d - Petrify                        Transmutation/Earth          4
   e - Lee's Rapid Deconstruction     Earth                        5
Comestibles
 d - 6 rations
 f - 5 chunks of flesh


   Skills:
 * Level 0.9 Armour
 * Level 2.1 Dodging
 + Level 2.4 Stealth
 * Level 2.9 Spellcasting
 * Level 0.1 Conjurations
 + Level 0.7 Transmutations
 * Level 5.1 Earth Magic


You had 2 spell levels left.
You knew the following spells:

 Your Spells              Type           Power        Failure   Level  Hunger
a - Sandblast             Erth           ###...       2%          1    #......
b - Passwall              Tmut/Erth      ##........   11%         2    ##.....
c - Stone Arrow           Conj/Erth      ##....       24%         3    ###....


Dungeon Overview and Level Annotations

Branches:
Dungeon (3/15)

Altars:

Annotations:
D:3 antares's ghost, amateur GrEE


Innate Abilities, Weirdness & Mutations

You are resistant to torment.
Your stone body is resilient. (AC +3)
You are immune to poison.
You resist negative energy. (rN+)
You are resistant to electric shocks. (rElec)
You can survive without breathing.
You are immune to petrification.
You are immune to rotting.


Message History

Some of the chunks of flesh in your inventory have rotted away.
Antares's ghost casts a spell at you. The magic dart hits you!
Casting: Sandblast
Confirm with . or Enter, or press ? or * to list all spells.
Which direction?
You miscast Passwall.
You are very lightly contaminated with residual magic.
Nothing appears to happen.
Unknown command.
Casting: Passwall
Confirm with . or Enter, or press ? or * to list all spells.
Which direction?
You begin to meditate on the wall.
You continue meditating on the rock.
Antares's ghost boasts, "After taking care of you, I will research a spell that consumes the world."
You continue meditating on the rock.
Antares's ghost casts a spell at you. The stone arrow hits you!
Ouch! That really hurt!
You die...

#.#.###...#.#####.#.#.##.#######.
..#.###.#.#.#####......#.# #.
....#.....)......##.#..#.# #.
............####.......#.. ##
............####.......###
#####.#........#.......###
#.....#####.##.#..........
..#########..#.#......###
..^............#@.....#
..............##....W.#
############..##.#..#.#
#...#.#.##.# #.#.#.#.##.# #######
#.....#.##.# #...... ###..##.##.#
#...... ##.##.##W# #......
#..#.##.# ###......


You could see antares's ghost.

Vanquished Creatures
  6 adders
  An ooze (D:2)
  2 dart slugs
  A leopard gecko (D:2)
  An orc (D:3)
  6 bats
  3 giant cockroaches
  5 goblins
  7 hobgoblins
  6 jackals
  3 frilled lizards
  2 kobolds
  3 rats
46 creatures vanquished.

Notes
Turn   | Place    | Note
-------+----------+-------------------------------------------
     0 | D:1      | Dharzhak the Gargoyle Earth Elementalist began the quest for the Orb.
     0 | D:1      | Reached XP level 1. HP: 10/10 MP: 3/3
   248 | D:1      | Reached skill level 4 in Earth Magic
   248 | D:1      | Reached XP level 2. HP: 15/15 MP: 1/5
  1001 | D:2      | Reached XP level 3. HP: 19/19 MP: 4/6
  1279 | D:2      | Learned a level 2 spell: Passwall
  1283 | D:2      | Learned a level 3 spell: Stone Arrow
  1466 | D:2      | Reached XP level 4. HP: 24/24 MP: 5/7
  1940 | D:3      | Reached skill level 5 in Earth Magic
  2257 | D:3      | Noticed antares's ghost (amateur GrEE)
  2320 | D:3      | Killed from afar by antares's ghost

Skill      XL: |  1  2  3  4 |
---------------+-------------+-----
Earth Magic    | 4 5 |  5.1
Dodging        | 2 |  2.1
Armour         | |  0.9
Stealth        | |  2.4
Spellcasting   | |  2.9
Conjurations   | |  0.1
Transmutations | |  0.7

Action                   |  1- 3 |  4- 6 || total
-------------------------+-------+-------++-------
Melee: Unarmed           |     1 |       ||     1
       Mace              |    12 |       ||    12
       Whip              |     4 |       ||     4
 Cast: Sandblast         |    34 |    22 ||    56
       Passwall          |       |     1 ||     1
  Eat: Chunk             |     2 |     3 ||     5
Armor: Robe              |     1 |       ||     1
       Leather armour    |    10 |       ||    10
Dodge: Dodged            |    10 |     3 ||    13
